 Dungeon Crawl Stone Soup version bcrawl-1.18.1 (webtiles) character file.

Game seed: 4150181084197349328

792 Freyura the Twirler (level 7, -5/44 HPs)
             Began as a Gargoyle Gladiator on Nov 12, 2019.
             Was an Initiate of Ashenzari.
             Slain by a troll (10 damage)
             ... on level 5 of the Dungeon.
             The game lasted 00:13:25 (3804 turns).

Freyura the Twirler (Gargoyle Gladiator)            Turns: 3804, Time: 00:13:26

Health: -5/44      AC: 17    Str: 17    XL:     7   Next: 88%
Magic:  7/7        EV:  8    Int:  9    God:    Ashenzari [......]
Gold:   316        SH:  0    Dex: 13    Spells: 6/6 levels left

rFire    . . .     SeeInvis .   a - +0 quarterstaff (curse)
rCold    . . .     Gourm    .   (shield currently unavailable)
rNeg     + . .     Faith    .   r - +0 chain mail
rPois    ∞         Spirit   .   c - +0 helmet (curse)
rElec    +         Reflect  .   (no cloak)
rCorr    +         Harm     .   n - +1 pair of gloves (curse)
MR       .....                  (no boots)
Stlth    ..........             (no amulet)
HPRegen  0.14/turn              q - ring of resist corrosion
MPRegen  0.10/turn              (no ring)

@: no status effects
A: negative energy resistance 1, electricity resistance, unbreathing,
petrification resistance, rot immunity, AC +4
a: Curse Item, Renounce Religion


You were on level 5 of the Dungeon.
You worshipped Ashenzari.
Ashenzari was noncommittal.
You were not hungry.

You visited 2 branches of the dungeon, and saw 6 of its levels.

You collected 316 gold pieces.

Inventory:

Hand Weapons
 a - a cursed +0 quarterstaff (weapon)
Missiles
 d - 3 throwing nets (quivered) {!f}
Armour
 c - a cursed +0 helmet (worn)
 h - a +0 plate armour
 n - a cursed +1 pair of gloves (worn)
 r - a +0 chain mail (worn)
 s - a +1 helmet
Jewellery
 q - a ring of resist corrosion (left hand)
Wands
 x - a wand of acid (11)
Scrolls
 g - a scroll of remove curse
 i - 2 scrolls of amnesia
 m - 2 scrolls of teleportation
 u - a scroll of magic mapping
 w - a scroll of blinking {unknown}
Potions
 b - a potion of flight
 e - a potion of haste
 k - a potion of invisibility
 l - 2 potions of brilliance
 o - a potion of cancellation
 t - a potion of mutation {unknown}
 v - a potion of ambrosia {unknown}
Comestibles
 f - 8 rations {!d}
 j - 3 chunks of flesh


   Skills:
 + Level 4.6 Fighting
 * Level 6.1 Staves
 - Level 1.7 Throwing
 + Level 3.8 Armour
 + Level 3.9 Dodging


You had 6 spell levels left.
You didn't know any spells.
Your spell library was empty.

Dungeon Overview and Level Annotations

Branches:
Dungeon (5/12)             Temple (1/1) D:4

Altars:
Ashenzari
Cheibriados
Dithmenos
Elyvilon
Fedhas
Gozag
Hepliaklqana
Kikubaaqudgha
Lugonu
Makhleb
Nemelex Xobeh
Okawaru
Qazlal
Ru
Sif Muna
Trog
Uskayaw
Vehumet
Wu Jian
Xom
Yredelemnul
Zin
The Shining One


Innate Abilities, Weirdness & Mutations

You are resistant to torment.
Your stone body is resilient. (AC +4)
You are immune to poison.
You resist negative energy. (rN+)
You are resistant to electric shocks. (rElec)
You can survive without breathing.
You are immune to petrification.
You are immune to rotting.


Message History

You sock the troll!
The troll is moderately wounded.
The crimson imp shouts, "Leave, thou foppish elf-skinned death-token!"
The troll bites you but does no damage.
The troll claws you but does no damage. x2
You closely miss the troll.
The troll is moderately wounded.
The crimson imp lashes its tail.
The crimson imp closely misses you. The troll bites you.
The troll barely misses you. The troll claws you but does no damage.
You closely miss the troll.
The troll is moderately wounded.
The crimson imp closely misses you. The troll bites you but does no damage.
The troll claws you.
* * * LOW HITPOINT WARNING * * *
The troll claws you!
* * * LOW HITPOINT WARNING * * *
It was a potion of magic.
Magic courses through your body.
The crimson imp hits you but does no damage.
The troll bites you!
You die...

......#...........#
......#...........#
..................#
##.##'.####.####.#####
##+##.)##.....##.##..#
...#.))#.......#.....#
...#...#.......#.....+
...+......._....T....#
...#...#.......#@....#
...#.>.#.......#5....#
...#...##.....##.....#
...#...####.####.....#
######.. .... ....###
# #... ....# .. .....
.=..... .


You could see a troll and a crimson imp.

Vanquished Creatures
  Sigmund (D:3)
  A sky beast (D:5)
  Blork the orc (D:4)
  A howler monkey (D:4)
  A crimson imp (D:4)
  3 hounds
  A centaur skeleton (D:5)
  An orc wizard (D:4)
  An iguana (D:4)
  A hound skeleton (D:4)
  A howler monkey zombie (D:5)
  4 gnolls
  2 adders
  A shadow imp (D:5)
  An adder skeleton (D:4)
  An adder zombie (D:4)
  8 worms
  4 dart slugs
  2 leopard geckos
  20 orcs
  3 giant cockroaches
  5 goblins (D:1)
  8 hobgoblins
  5 jackals (D:4)
  4 bats
  3 frilled lizards
  12 kobolds
  11 rats
107 creatures vanquished.

Vanquished Creatures (others)
  An orc wizard (D:3)
1 creature vanquished.

Grand Total: 108 creatures vanquished

Notes
Turn   | Place    | Note
-------+----------+-------------------------------------------
     0 | D:1      | Freyura the Gargoyle Gladiator began the quest for the Orb.
     0 | D:1      | Reached XP level 1. HP: 12/12 MP: 1/1
    34 | D:1      | Reached XP level 2. HP: 12/18 MP: 2/2
   255 | D:1      | Reached skill level 1 in Armour
   317 | D:1      | Reached XP level 3. HP: 18/22 MP: 3/3
   958 | D:2      | Reached XP level 4. HP: 25/27 MP: 4/4
  1046 | D:2      | Reached skill level 4 in Staves
  1163 | D:2      | Found a radiant altar of Vehumet.
  1679 | D:3      | Noticed Sigmund
  1692 | D:3      | Reached XP level 5. HP: 28/32 MP: 5/5
  1727 | D:3      | Killed Sigmund
  1727 | D:3      | Reached skill level 5 in Staves
  1727 | D:3      | Reached XP level 6. HP: 4/38 MP: 6/6
  2399 | D:4      | Found a staircase to the Ecumenical Temple.
  2410 | Temple   | Entered the Ecumenical Temple
  2421 | Temple   | Became a worshipper of Ashenzari the Shackled
  2685 | D:4      | Noticed Blork the orc
  2887 | D:4      | Killed Blork the orc
  2897 | D:4      | Reached XP level 7. HP: 23/43 MP: 7/7
  3552 | D:5      | Entered Level 5 of the Dungeon
  3617 | D:5      | Reached skill level 6 in Staves
  3783 | D:5      | Found a hazy altar of Hepliaklqana.
  3795 | D:5      | Noticed a troll
  3804 | D:5      | Slain by a troll

Skill      XL: |  1  2  3  4  5  6  7 |
---------------+----------------------+-----
Armour         | 1 2 3 |  3.8
Staves         | 4 5 6 |  6.1
Fighting       | 3 4 |  4.6
Dodging        | 3 |  3.9
Throwing       | |  1.7

Action                   |  1- 3 |  4- 6 |  7- 9 || total
-------------------------+-------+-------+-------++-------
Melee: Quarterstaff      |   101 |   193 |   113 ||   407
Invok: Curse Item        |       |     3 |       ||     3
  Use: Potion            |       |     1 |     1 ||     2
       Scroll            |       |    10 |     2 ||    12
 Stab: Sleeping          |     1 |       |       ||     1
  Eat: Chunk             |       |     7 |     3 ||    10
Armor: Leather armour    |    35 |    24 |       ||    59
       Chain mail        |       |   133 |    82 ||   215
Dodge: Dodged            |    77 |   102 |    54 ||   233
